 Dungeon Crawl Stone Soup version 0.30-a0-622-gddc90eaa04 (webtiles) character file.

Game seed: 12124721790562863349

81 wormed the Poker (level 4, -2/55 HPs)
             Began as a Merfolk Berserker on Jan 10, 2023.
             Was a Believer of Trog.
             Slain by an orc
             ... wielding a +0 short sword
              (3 damage)
             ... on level 3 of the Dungeon.
             The game lasted 00:03:10 (1687 turns).

wormed the Poker (Merfolk Berserker)                Turns: 1687, Time: 00:03:11

Health: -2/55      AC: 22    Str: 19    XL:     4   Next: 40%
Magic:  4/4        EV:  2    Int:  6    God:    Trog [**....]
Gold:   94         SH:  0    Dex: 13    Spells: 3/3 levels left

rFire   . . .      SeeInvis .    i - +0 trident
rCold   . . .      Faith    .    (no shield)
rNeg    . . .      Spirit   .    (body armour currently unavailable)
rPois   +          Reflect  .    (helmet currently unavailable)
rElec   .          Harm     .    (cloak currently unavailable)
rCorr   .          Rampage  .    (gloves currently unavailable)
Will    .....      NoTele   +    (boots currently unavailable)
Stlth   +                        (no amulet)
HPRegen 0.29/turn                (no ring)
MPRegen 0.09/turn                (no ring)

@: tree-form
A: stationary, stasis, torment immunity, boosted hp, (nimble swimmer 2),
(mertail)
a: Renounce Religion, Berserk, Trog's Hand


You were on level 3 of the Dungeon.
You worshipped Trog.
Trog was pleased with you.
You were a tree.
You visited 1 branch of the dungeon, and saw 3 of its levels.

You collected 94 gold pieces.

Inventory:

Hand Weapons
 i - a +0 trident (weapon)
Missiles
 a - 6 poisoned darts (quivered)
Armour
 b - a +0 animal skin (melded)
Scrolls
 f - a scroll of blinking {unknown}
Potions
 c - a potion of magic
 d - a potion of resistance {unknown}
 e - a potion of haste {unknown}
 g - a potion of lignification
 h - a potion of might {unknown}
 l - a potion of curing {unknown}


   Skills:
 + Level 3.8 Fighting
 * Level 5.2 Polearms
 + Level 2.0 Armour
 + Level 3.5 Dodging


You had 3 spell levels left.
You didn't know any spells.
Your spell library was empty.

Dungeon Overview and Level Annotations

Branches:
Dungeon (3/15)

Altars:

Shops:
D:2 [=


Innate Abilities, Weirdness & Mutations

You are a tree.
Your roots penetrate the ground, keeping you stationary.
You cannot be teleported.
You are immune to unholy pain and torment.
Your maximum health is greatly increased.
Your equipment is partially melded.
((You are very nimble when in or above water. (Stealth+, EV+, Speed+++)))
((Your lower body shifts to a powerful aquatic tail in water.))


Message History

You are too injured to fight recklessly!
You are too injured to fight recklessly!
You are too injured to fight recklessly!
You are too injured to fight recklessly!
You are too injured to fight recklessly!
You turn into a tree.
Your +0 animal skin melds into your body.
Your roots penetrate the ground.
The orc hits you but does no damage.
The endoplasm hits you but does no damage.
The orc hits you but does no damage.
As you read the scroll of torment, it crumbles to dust.
You feel a surge of unholy energy.
The orc convulses!
The endoplasm convulses!
The orc convulses! x3; The dart slug convulses!
The orc hits you with a +0 short sword.
* * * LOW HITPOINT WARNING * * *
The orc barely misses you. The endoplasm freezes you.
You are frozen.
* * * LOW HITPOINT WARNING * * *
You hit the orc.
You kill the orc!
Trog accepts your kill. The endoplasm barely misses you.
The orc hits you but does no damage.
You completely miss the orc.
The orc is moderately wounded.
The endoplasm hits you but does no damage.
The orc hits you but does no damage. x2
You closely miss the orc.
The orc is moderately wounded.
The orc hits you but does no damage. The endoplasm freezes you.
You are frozen.
* * * LOW HITPOINT WARNING * * *
The orc hits you but does no damage.
You puncture the orc!
You kill the orc!
Trog accepts your kill.
The endoplasm hits you but does no damage.
The orc hits you with a +0 short sword.
You die...

#...# #...#.# #...#
#...#.#
#...####.....#
#......#........#
#...##..####......#
#....##.# #.##....
#....##... #.# ##..
#......# ..#.# #
##♣###.# .#.#
#.Joo....# ...
#..o.w.....#
#...........#
#............
#............
#............
#......>.=...


You could see a dart slug, 3 orcs and an endoplasm.

Vanquished Creatures
  2 adders (D:2)
  A dart slug (D:2)
  3 orcs (D:3)
  3 ball pythons
  8 endoplasms
  A giant cockroach (D:1)
  9 goblins
  4 hobgoblins
  2 jackals (D:2)
  6 kobolds
  2 quokkas
  5 bats
  6 frilled lizards
  3 rats
55 creatures vanquished.

Notes
Turn   | Place    | Note
-------+----------+-------------------------------------------
     0 | D:1      | wormed the Merfolk Berserker began the quest for the Orb.
     0 | D:1      | Reached XP level 1. HP: 18/18 MP: 1/1
    82 | D:1      | Reached XP level 2. HP: 24/24 MP: 2/2
   463 | D:1      | Reached XP level 3. HP: 29/29 MP: 3/3
   466 | D:1      | Reached ** piety under Trog
   870 | D:2      | Reached skill level 5 in Polearms
   944 | D:2      | Reached XP level 4. HP: 27/37 MP: 4/4
  1021 | D:2      | Found Pathecez's Antique Armour Shop.
  1021 | D:2      | Found Usotourch's Jewellery Emporium.
  1686 | D:3      | HP: 1/55 [frozen (3)]
  1687 | D:3      | Slain by an orc

Illustrated notes

Levels and vault maps discovered:
D:1:      eino_arrival_water_star, layout_rooms, hex_tiny, serial_park_tiny_1,
          minmay_3d_cube
D:2:      layout_basic, serial_shops, nicolae_shop_crystal, shop, serial_rivers,
          chequers_serial_rivers_small_a, chequers_serial_rivers_micro_e,
          chequers_serial_rivers_small_a, chequers_serial_rivers_micro_a,
          chequers_serial_rivers_micro_a, chequers_serial_rivers_marsh,
          minivault_23, chequers_serial_rivers_small_a
D:3:      layout_rooms

Skill      XL: |  1  2  3  4 |
---------------+-------------+-----
Dodging        | 3 |  3.5
Polearms       | 5 |  5.2
Armour         | 2 |  2.0
Fighting       | |  3.8

Action                   |  1- 3 |  4- 6 || total
-------------------------+-------+-------++-------
Melee: Spear             |    61 |       ||    61
       Trident           |    36 |    50 ||    86
Invok: Berserk           |     1 |       ||     1
  Use: Potion            |     1 |     1 ||     2
       Scroll            |       |     6 ||     6
 Stab: Sleeping          |     1 |       ||     1
Armor: Animal skin       |     7 |     4 ||    11
       Skin              |       |    10 ||    10
Dodge: Dodged            |    35 |    23 ||    58

Table legend: (Time is in decaauts)
 A = Elapsed time spent in this place.
 B = Non-inter-level travel time spent in this place.
 C = Inter-level travel time spent in this place.
 D = Time resting spent in this place.
 E = Time spent auto-exploring this place.
 F = Levels seen in this place.
 G = Mean time per level.
                   A        B        C        D        E       F      G
               +--------+--------+--------+--------+--------+-----+--------+
         Total |   1674 |   1611 |     63 |    100 |   1182 |   3 |  558.0 |
       Dungeon |   1674 |   1611 |     63 |    100 |   1182 |   3 |  558.0 |
               +--------+--------+--------+--------+--------+-----+--------+

Top non-repeatable levels by time:
     D:2: 856 daAuts
     D:1: 686 daAuts
     D:3: 130 daAuts
